AoeStats
← Fänncy

Black Forest

509970677Analyzed
4v4 RM · 3d ago on Sep 28, 2026· 47m 44s· 8 players
Game mode
Random Map
Map size
Large (8 player)
Population
200
Speed
Normal
Resources
Standard
Victory
Conquest
Starting age
Dark Age
Ending age
Imperial Age
RankedLock teamsTeams togetherTeam positionsShared explorationLock speedFull tech treeHidden civsTurbo modeCheats
Victory
Defeat
🇩🇪 Malay · Germany
1178
+12
1119
+14
🇩🇪 Franks · Germany
1086
+16
🇩🇪 Danes · Germany
1012
+25
🇺🇸 Persians · United States
1104
-16
🇲🇽 Celts · Mexico
1095
-16
🇨🇴 Muisca · Colombia
1080
-15
🇺🇸 Britons · United States
1034
-13
Doc Awk
3:07 Loom
11:47 Feudal Age
16:37 Castle Age
16:32 Wheelbarrow
33:08 Fletching
33:18 Padded Archer Armor
34:00 Hand Cart
35:25 Double-Bit Axe
35:21 Horse Collar
36:36 Ballistics
37:17 Bodkin Arrow
38:24 Leather Archer Armor
41:32 Masonry
44:54 Imperial Age
44:54 Yeomen
46:00 Bracer
47:05 Chemistry
CC182
4:33 Loom
9:31 Feudal Age
10:03 Double-Bit Axe
11:49 Horse Collar
31:09 Castle Age
32:30 Bow Saw
33:21 Heavy Plow
41:38 Town Watch
42:30 Wheelbarrow
44:27 Ballistics
43:53 Champi Runner
44:46 Forging
45:28 Squires
Bambuchagt
10:50 Feudal Age
15:43 Castle Age
15:57 Wheelbarrow
18:12 Double-Bit Axe
19:07 Fishing Lines
20:19 Loom
26:36 Gillnets
27:04 Clinker Construction
34:46 Imperial Age
34:42 Bloodlines
34:32 Husbandry
34:28 Cavalier
36:36 Chemistry
35:57 Ballistics
36:28 Savar
40:48 Bow Saw
40:23 Horse Collar
40:55 Scale Barding Armor
41:01 Forging
40:59 Caravan
41:30 Coinage
41:11 Guilds
43:45 Chain Barding Armor
44:01 Iron Casting
43:16 Fletching
46:24 Light Cavalry
[GDL]Dunitrid
1:05 Loom
11:29 Feudal Age
12:02 Double-Bit Axe
11:59 Horse Collar
11:48 Man-at-Arms
15:26 Scale Mail Armor
17:47 Forging
21:13 Wheelbarrow
29:40 Castle Age
29:51 Pikeman
30:17 Gambesons
30:48 Chain Mail Armor
31:10 Iron Casting
33:24 Long Swordsman
46:01 Imperial Age
43:20 Town Watch
43:51 Hand Cart
47:54 Chemistry
47:05 Masonry
47:16 Ballistics
47:02 Siege Engineers
Tekz4987
0:50 Loom
12:15 Feudal Age
16:11 Castle Age
15:41 Gold Mining
17:21 Husbandry
23:40 Double-Bit Axe
27:47 Wheelbarrow
26:57 Town Watch
29:49 Hand Cart
30:32 Bow Saw
32:47 Gold Shaft Mining
38:36 Imperial Age
37:52 Padded Archer Armor
37:43 Fletching
38:23 Ballistics
38:38 Heavy Mounted Crossbowman
38:38 Cranequins
39:46 Leather Archer Armor
39:26 Bodkin Arrow
39:37 Scale Barding Armor
39:43 Forging
41:08 Cavalier
43:34 Chemistry
43:22 Chain Barding Armor
43:38 Iron Casting
45:10 Fishing Lines
Scar
8:43 Loom
8:49 Loom
10:52 Feudal Age
14:58 Castle Age
13:00 Double-Bit Axe
13:15 Horse Collar
13:22 Fishing Lines
22:52 Wheelbarrow
22:29 Bow Saw
22:17 Gillnets
23:00 Forging
22:59 Heavy Plow
23:20 Gold Mining
25:09 Gold Shaft Mining
24:25 Stone Mining
25:34 Hand Cart
25:05 Town Watch
26:03 Sanctity
27:31 Redemption
27:30 Atonement
29:08 Stone Shaft Mining
31:45 Imperial Age
30:40 Iron Casting
29:28 Pikeman
30:08 Squires
29:53 Arson
29:29 Man-at-Arms
31:40 Block Printing
31:52 Illumination
32:37 Chemistry
31:43 Siege Engineers
33:05 Blast Furnace
31:26 Halberdier
32:48 Coinage
32:30 Guilds
32:54 Crop Rotation
33:04 Conscription
32:47 Forced Levy
33:01 Fletching
33:49 Coinage
34:13 Bodkin Arrow
33:41 Long Swordsman
34:03 Elite Karambit Warrior
34:37 Two-Handed Swordsman
35:31 Bracer
36:59 Ballistics
36:49 Masonry
36:20 Treadmill Crane
39:47 Town Patrol
41:36 Banking
44:48 Caravan
myth大帝110110110
3:26 Loom
11:35 Feudal Age
12:35 Double-Bit Axe
12:42 Double-Bit Axe
15:16 Castle Age
15:34 Forging
16:33 Bow Saw
34:20 Wheelbarrow
34:46 Fishing Lines
35:52 Stone Mining
35:49 Horse Collar
38:06 Heavy Plow
38:30 Fortified Wall
38:02 Treadmill Crane
38:23 Gold Mining
42:07 Imperial Age
40:36 Iron Casting
40:51 Hand Cart
41:42 Stone Shaft Mining
41:25 Scale Barding Armor
41:57 Vendel Legacy
43:03 Chain Barding Armor
43:19 Conscription
43:55 Ballistics
43:43 Siege Engineers
43:08 Elite Jarl
45:56 Chemistry
47:07 Plate Barding Armor
Fänncy
2:11 Loom
14:50 Feudal Age
16:35 Fishing Lines
19:21 Double-Bit Axe
27:18 Castle Age
26:41 Stone Mining
26:46 Gold Mining
28:37 Bow Saw
32:07 Gold Shaft Mining
32:10 Stone Shaft Mining
32:30 Squires
32:33 Scale Mail Armor
37:38 Wheelbarrow
37:14 Fletching
37:49 Gillnets
37:26 Hamask
38:29 Horse Collar
42:22 Imperial Age
41:28 Caravan
42:39 Heavy Plow
43:59 Wheelbarrow
43:10 Town Watch
44:50 Chain Mail Armor
44:45 Forging
44:24 Arson
45:21 Bodkin Arrow
46:02 Plate Mail Armor
45:07 Elite Jomsviking
46:08 Conscription
47:13 Iron Casting
46:34 Bodkin Arrow
47:12 Masonry
48:08 Chemistry
Connection lost

Rejoining the realm…

Still unreachable

The connection could not be restored.

Session expired

The server has moved on; the page needs a fresh start.